 Dungeon Crawl Stone Soup version 0.29.0-13-gc9e81de378 (webtiles) character file.

Game seed: 1931791635604292717

340 SnakkuSnakku7 the Shooter (level 6, -1/43 HPs)
             Began as a Djinni Hunter on Sept 10, 2022.
             Slain by a white imp (3 damage)
             ... summoned by Natasha
             ... on level 4 of the Dungeon.
             The game lasted 00:04:50 (3421 turns).

SnakkuSnakku7 the Shooter (Djinni Hunter)           Turns: 3421, Time: 00:04:51

Health: -1/43      AC:  4    Str: 10    XL:     6   Next: 86%
Gold:   36         EV: 12    Int: 10    God:
                   SH:  0    Dex: 19

rFire   + + .      SeeInvis .   a - +2 hand crossbow (vorpal)
rCold   x . .      Faith    .   (no shield)
rNeg    . . .      Spirit   .   c - +0 leather armour
rPois   ∞          Reflect  .   t - +0 helmet
rElec   .          Harm     .   (no cloak)
rCorr   .          Rampage  .   (no gloves)
Will    .....                   (boots unavailable)
Stlth   ++........              (no amulet)
HPRegen 0.14/turn               (no ring)
MPRegen 0.00/turn               (no ring)

@: flying
A: sickness immunity, fire resistance 2, cold vulnerability 1, float, innate
caster, HP casting, extra vitality 1
a: no special abilities


You were on level 4 of the Dungeon.
You visited 1 branch of the dungeon, and saw 4 of its levels.

You collected 218 gold pieces.
You spent 182 gold pieces at shops.

Inventory:

Hand Weapons
 a - a +2 vorpal hand crossbow (weapon)
 q - a +0 shortbow
Armour
 c - a +0 leather armour (worn)
 t - a +0 helmet (worn)
Scrolls
 b - 2 scrolls of immolation
 d - 2 scrolls of torment {unknown}
 f - a scroll of teleportation {unknown}
 g - 4 scrolls of identify {unknown}
 h - 3 scrolls of blinking {unknown}
 k - 2 scrolls of amnesia {unknown}
 l - a scroll of vulnerability {unknown}
 m - a scroll of magic mapping {unknown}
 n - 4 scrolls of butterflies {unknown}
 o - a scroll of fear {unknown}
 s - 2 scrolls of enchant armour {unknown}
Potions
 e - a potion of might {unknown}
 i - 2 potions of flight {unknown}
 j - a potion of magic {unknown}
 p - a potion of attraction {unknown}
 r - a potion of mutation {unknown}


   Skills:
 - Level 2.0 Fighting
 + Level 6.3 Ranged Weapons
 - Level 2.1 Dodging
 - Level 0.7 Stealth


You had 2 spell levels left.
You knew the following spells:

 Your Spells              Type           Power      Damage    Failure   Level
a - Sting                 Tmut/Pois      0%         1d3       45%         1
b - Static Discharge      Conj/Air       0%         3-3/arc   61%         2
Your spell library was empty.

Dungeon Overview and Level Annotations

Branches:
Dungeon (4/15)
 Temple: D:4-7

Altars:
Xom

Shops:
D:1 **

Annotations:
D:4 Natasha


Innate Abilities, Weirdness & Mutations

You are immune to sickness and miasma.
You are immune to poison.
Your flesh is very heat resistant. (rF++)
You are vulnerable to cold. (rC-)
You float through the air rather than walking.
You learn spells naturally, not from books.
Your magical power is your life essence.
You have superior vitality. (+4 MHP)


Message History

Natasha stares at you and mumbles some strange words.
The magic dart hits you!
You shoot a bolt. The bolt barely misses the white imp.
The white imp gestures at you.
The puff of frost hits you but does no damage.
Natasha stares at you and mumbles some strange words.
The magic dart hits you!
You shoot a bolt. The bolt hits Natasha!
Natasha is heavily wounded.
Natasha casts a spell.
Unknown command.
You shoot a bolt. The bolt closely misses the white imp.
Unknown command.
You shoot a bolt. The bolt barely misses the white imp.
The white imp gestures at you. The puff of frost misses you.
The crimson imp blinks!
Unknown command.
Okay, then.
Fire: a) +2 hand crossbow (vorpal)
Press: ? - help, Q - select action, (/) - cycle Shift-Dir - straight line, f - Natasha, p - white imp
Aim: Natasha (heavily wounded, 62% to hit)
You shoot a bolt. The bolt hits Natasha.
Natasha is severely wounded.
Natasha claws you but does no damage. The white imp gestures at you.
The puff of frost hits you!
You feel a terrible chill!
Fire: a) +2 hand crossbow (vorpal)
Press: ? - help, Q - select action, (/) - cycle Shift-Dir - straight line, f/p - Natasha
Aim: Natasha (severely wounded, 62% to hit)
You shoot a bolt. The bolt closely misses Natasha.
Natasha casts a spell at you. The magic dart hits you.
* * * LOW HITPOINT WARNING * * *
The white imp gestures at you. The puff of frost misses you. Natasha claws you.
* * * LOW HITPOINT WARNING * * *
The white imp hits you.
* * * LOW HITPOINT WARNING * * *
The white imp freezes you.
You feel a terrible chill!
You die...

...................#
###....(...........#
#.................#
#
#.................#
#
#..................#
##
##.................#
##.
##................#
#..
#................#
##..
##.......5...5@..#
#...
##..........h...#
#... ..........#
##.. .........## #..
......#### ###.
...... #... ......
#... ####.. #...
#...


You could see Natasha, a crimson imp (summoned) and a white imp (summoned).

Vanquished Creatures
  2 phantoms
  Robin (D:4)
  4 gnolls (D:3)
  3 adders
  An ufetubus (D:4)
  2 worms (D:2)
  A dart slug (D:2)
  10 orcs (D:3)
  4 endoplasms
  3 giant cockroaches
  16 goblins
  12 hobgoblins
  3 jackals (D:2)
  A quokka (D:1)
  9 ball pythons
  7 bats
  A frilled lizard (D:2)
  6 kobolds
  9 rats
95 creatures vanquished.

Notes
Turn   | Place    | Note
-------+----------+-------------------------------------------
     0 | D:1      | SnakkuSnakku7 the Djinni Hunter began the quest for the
                  | Orb.
     0 | D:1      | Reached XP level 1. HP: 18/18 MP: 0/0
   223 | D:1      | Reached XP level 2. HP: 23/23 MP: 0/0
   567 | D:1      | Found Kataiga's Assorted Antiques.
   579 | D:1      | Found a faded altar of an unknown god.
   692 | D:1      | Found Pidesiga's Assorted Antiques.
   942 | D:2      | Reached XP level 3. HP: 28/28 MP: 0/0
   942 | D:2      | Learned a level 1 spell: Sting
   977 | D:2      | Reached skill level 4 in Ranged Weapons
  1361 | D:2      | Reached XP level 4. HP: 24/33 MP: 0/0
  2307 | D:3      | Found a shimmering altar of Xom.
  2373 | D:3      | Reached XP level 5. HP: 38/38 MP: 0/0
  2373 | D:3      | Learned a level 2 spell: Static Discharge
  2376 | D:3      | Reached skill level 5 in Ranged Weapons
  2549 | D:1      | Bought a glowing hand crossbow for 182 gold pieces
  2926 | D:3      | Noticed a phantom
  2928 | D:3      | Killed a phantom
  2929 | D:3      | Reached XP level 6. HP: 40/43 MP: 0/0
  3186 | D:4      | Noticed Robin
  3194 | D:4      | Killed Robin
  3195 | D:4      | Reached skill level 6 in Ranged Weapons
  3414 | D:4      | Noticed Natasha
  3421 | D:4      | HP: 2/43 [white imp[Natasha] (2)]
  3421 | D:4      | Slain by a white imp

Illustrated notes

Levels and vault maps discovered:
D:1:      tarquinn_simple_flora_water_a, layout_loops_ring,
          shapermc_ecumenical_altar_acropolis, serial_shops, shop,
          nicolae_shop_stone, kennysheep_boxes
D:2:      layout_basic, kennysheep_generic_room_13
D:3:      layout_loops_corners, tgw_xom
D:4:      minmay_chambers_of_threes, layout_cave_pods, uniq_robin,
          uniq_menkaure, uniq_natasha

Skill      XL: |  1  2  3  4  5  6 |
---------------+-------------------+-----
Ranged Weapons | 4 5 6 |  6.3
Fighting       | |  2.0
Dodging        | |  2.1
Stealth        | |  0.7

Action                   |  1- 3 |  4- 6 || total
-------------------------+-------+-------++-------
 Fire: Shortbow          |   100 |    51 ||   151
       Hand crossbow     |       |    66 ||    66
Armor: Leather armour    |     7 |     8 ||    15
Dodge: Dodged            |    28 |    19 ||    47
